AoeStats
← Charlitos22

Arena

508017735Analyzed
1v1 RM · 13d ago on Sep 20, 2026· 39m 28s· 2 players
Game mode
Random Map
Map size
Tiny (2 player)
Population
200
Speed
Normal
Resources
Standard
Victory
Conquest
Starting age
Dark Age
Ending age
Imperial Age
RankedLock teamsTeams togetherTeam positionsShared explorationLock speedFull tech treeHidden civsTurbo modeCheats
Victory
Defeat
🇩🇪 Aztecs · Germany
787
+13
🇨🇱 Britons · Chile
721
-13
Damj
9:57 Feudal Age
12:37 Loom
15:21 Castle Age
13:27 Horse Collar
14:10 Double-Bit Axe
15:09 Gold Mining
19:34 Wheelbarrow
19:50 Bow Saw
21:51 Forging
21:41 Scale Mail Armor
22:16 Squires
22:56 Town Watch
25:38 Fletching
25:48 Padded Archer Armor
26:26 Iron Casting
27:57 Hand Cart
27:49 Elite Skirmisher
29:20 Scale Mail Armor
29:16 Bodkin Arrow
29:51 Heavy Plow
33:45 Imperial Age
32:35 Chain Mail Armor
32:35 Leather Archer Armor
32:44 Redemption
32:56 Sanctity
32:47 Fervor
33:40 Gold Shaft Mining
33:51 Atlatl
33:51 Arson
34:57 Conscription
35:26 Bracer
36:27 Blast Furnace
35:58 Plate Mail Armor
37:14 Ballistics
37:54 Chemistry
37:12 Elite Jaguar Warrior
38:21 Siege Engineers
40:02 Garland Wars
Charlitos22
10:32 Feudal Age
15:27 Castle Age
14:09 Double-Bit Axe
14:07 Horse Collar
15:56 Wheelbarrow
15:52 Loom
17:57 Fervor
18:19 Town Watch
21:29 Fletching
21:40 Padded Archer Armor
23:37 Bow Saw
24:50 Stone Mining
25:03 Gold Mining
26:23 Treadmill Crane
29:41 Imperial Age
29:58 Hand Cart
31:23 Town Patrol
30:51 Crossbowman
31:33 Arbalester
33:24 Chemistry
32:45 Ballistics
32:23 Bodkin Arrow
32:40 Forging
35:25 Gold Shaft Mining
36:31 Yeomen
36:39 Onager
Connection lost

Rejoining the realm…

Still unreachable

The connection could not be restored.

Session expired

The server has moved on; the page needs a fresh start.